 Dungeon Crawl Stone Soup version 0.30.1-3-gfc49f6343a (webtiles) character file.

Game seed: 17287526325868393880

18680 Babbit the Cleaver (level 12, -3/108 HPs)
             Began as a Minotaur Fighter on July 25, 2023.
             Was a High Priest of Okawaru.
             Slain by a 16-headed hydra (9 damage)
             ... on level 2 of the Lair of Beasts on July 28, 2023.
             The game lasted 02:01:43 (12689 turns).

Babbit the Cleaver (Minotaur Fighter)              Turns: 12689, Time: 02:01:43

Health: -3/108     AC: 29    Str: 29    XL:     12   Next: 29%
Magic:  0/16       EV:  8    Int:  3    God:    Okawaru [*****.]
Gold:   775        SH:  6    Dex: 11    Spells: 11/11 levels left

rFire   . . .        T - +9 war axe of Fatigue {pain, Fly Str+4 Int-2}
rCold   . . .        c - +0 buckler
rNeg    . . .        F - +1 plate armour
rPois   .            E - +2 hat
rElec   .            o - +1 cloak
rCorr   +            h - +2 pair of gloves
SInv    .            L - +0 pair of boots
Will    .....        C - amulet of guardian spirit Stlth
                     I - ring of resist corrosion
HPRegen 0.38/turn    B - +4 ring of protection
MPRegen 0.15/turn

%: guardian spirit
@: about to teleport, flying
A: horns 2, retaliatory headbutt
a: Renounce Religion, Heroism, Finesse, Duel


You were on level 2 of the Lair of Beasts.
You worshipped Okawaru.
Okawaru was extremely pleased with you.
You visited 3 branches of the dungeon, and saw 14 of its levels.

You collected 922 gold pieces.
You spent 147 gold pieces at shops.

Inventory:

Hand Weapons
 l - a +2 hand axe of electrocution
 G - the +7 great mace "Undeadhunter" {deathbane, rN+}
   (You found it on level 8 of the Dungeon)

   rN:        It protects you from negative energy.
 T - the +9 war axe of Fatigue (weapon) {pain, Fly Str+4 Int-2}
   (You found it on level 11 of the Dungeon)

   Str:       It affects your strength (+4).
   Int:       It affects your intelligence (-2).
   Fly:       It grants you flight.
Missiles
 b - 9 boomerangs
 i - 4 javelins
 z - 39 poisoned darts
 V - a boomerang of dispersal
Armour
 c - a +0 buckler (worn)
 h - a +2 pair of gloves (worn)
 o - a +1 cloak (worn)
 E - a +2 hat (worn)
 F - a +1 plate armour (worn)
 L - a +0 pair of boots (worn)
Jewellery
 t - a ring of positive energy
 y - a ring of fire
 B - a +4 ring of protection (right hand)
 C - an amulet of guardian spirit (around neck)
 I - a ring of resist corrosion (left hand)
 J - an amulet of guardian spirit
 K - a +6 ring of intelligence
Wands
 e - a wand of flame (15) (quivered)
 N - a wand of paralysis (2)
 P - a wand of light (4)
Scrolls
 k - 4 scrolls of amnesia
 m - a scroll of silence {unknown}
 v - a scroll of fear
 w - 3 scrolls of blinking
 x - a scroll of identify
 A - 10 scrolls of teleportation
 D - a scroll of magic mapping {unknown}
 O - a scroll of brand weapon {unknown}
 Q - a scroll of acquirement {unknown}
 S - a scroll of poison {unknown}
 U - a scroll of immolation {unknown}
 W - a scroll of summoning {unknown}
Potions
 a - 3 potions of lignification
 d - 3 potions of might
 f - 2 potions of invisibility
 g - 2 potions of heal wounds
 j - a potion of magic
 n - a potion of berserk rage
 p - a potion of haste
 q - a potion of resistance
 r - 3 potions of ambrosia
 s - a potion of mutation
 u - 5 potions of brilliance
 H - a potion of flight
 M - 2 potions of cancellation
 R - a potion of experience


   Skills:
 + Level 10.7 Fighting
 * Level 14.1 Axes
 - Level 5.0 Throwing
 + Level 10.6 Armour
 + Level 10.7 Shields
 * Level 7.0 Invocations


You had 11 spell levels left.
You didn't know any spells.
Your spell library contained the following spells:

 Spells                   Type           Power      Damage    Failure   Level
 Freeze                   Ice            0%         1d3       99%         1
 Necrotise                Necr           0%         1d4       99%         1
 Sting                    Tmut/Pois      0%         1d3       99%         1
 Ensorcelled Hibernation  Hex/Ice        0%         N/A       100%        2
 Passwall                 Tmut/Erth      0%         N/A       100%        2
 Poisonous Vapours        Pois/Air       0%         N/A       100%        2
 Frozen Ramparts          Ice            0%         1d1       100%        3
 Hailstorm                Conj/Ice       0%         3d3       100%        3
 Swiftness                Air            0%         N/A       100%        3
 Vampiric Draining        Necr           0%         2d6       100%        3
 Cause Fear               Hex            0%         N/A       100%        4
 Olgreb's Toxic Radiance  Pois           0%         N/A       100%        4
 Agony                    Necr           0%         N/A       100%        5
 Dragon Form              Tmut           0%         N/A       100%        7
 Dragon's Call            Summ           Unusable   N/A       N/A         9

Dungeon Overview and Level Annotations

Branches:
Dungeon (11/15)            Temple (1/1) D:7            Lair (2/5) D:8
    Orc (0/2) D:10
  Swamp: Lair:2-3    Shoals: Lair:2-3     Snake: Lair:2-3    Spider: Lair:2-3

Altars:
Ashenzari
Elyvilon
Fedhas
Gozag
Hepliaklqana
Kikubaaqudgha
Makhleb
Okawaru
Qazlal
Ru
Sif Muna
Trog
Wu Jian
Xom
The Shining One

Shops:
D:3 :   D:4 :   D:7 (!*![   D:9 *


Innate Abilities, Weirdness & Mutations

You have a pair of horns on your head.
You reflexively headbutt those who attack you in melee.


Message History

The seven-headed hydra bites you but does no damage. x3
The seven-headed hydra closely misses you.
The seven-headed hydra bites you but does no damage.
The seven-headed hydra barely misses you.
The seven-headed hydra bites you but does no damage.
The 16-headed hydra bites you but does no damage.
The 16-headed hydra closely misses you. The 16-headed hydra barely misses you.
The 16-headed hydra bites you but does no damage.
The 16-headed hydra bites you! The 16-headed hydra bites you.
The 16-headed hydra bites you but does no damage. x2
You block the 16-headed hydra's attack.
The 16-headed hydra bites you but does no damage. x3
The 16-headed hydra barely misses you. The 16-headed hydra bites you!
You block the 16-headed hydra's attack.
The 16-headed hydra bites you but does no damage.
Unknown command.
As you read the scroll of teleportation, it crumbles to dust.
You feel strangely unstable.
The seven-headed hydra bites you but does no damage. x3
The seven-headed hydra closely misses you.
You block the seven-headed hydra's attack.
The seven-headed hydra bites you but does no damage.
The seven-headed hydra bites you! The 16-headed hydra closely misses you.
The 16-headed hydra bites you but does no damage. x2
The 16-headed hydra bites you!
* * * LOW HITPOINT WARNING * * *
The 16-headed hydra bites you.
* * * LOW HITPOINT WARNING * * *
The 16-headed hydra bites you but does no damage. x2
The 16-headed hydra barely misses you.
The 16-headed hydra bites you but does no damage.
You block the 16-headed hydra's attack.
The 16-headed hydra bites you but does no damage.
The 16-headed hydra closely misses you. The 16-headed hydra bites you!
* * * LOW HITPOINT WARNING * * *
The 16-headed hydra bites you but does no damage.
The 16-headed hydra bites you.
* * * LOW HITPOINT WARNING * * *
The 16-headed hydra bites you!
You die...

#..#...+.
#......P .
##..#>..# ..
.....#.#...
##..........
#.........#
#..D......#.
#@D........
#.###......
##.## .....
#..P# ..#.
#P..# .#
##.P# # #.P#
#.## .# #.#
.##


You could see a 16-headed hydra and a seven-headed hydra.

Vanquished Creatures
  A hydra (Lair:1)
  2 two-headed ogres
  Amaemon (D:10)
  A black mamba (Lair:2)
  4 cane toads
  A gargoyle (D:10)
  An orange demon (D:11)
  A komodo dragon (Lair:2)
  4 trolls
  Grinder (D:3)
  8 blink frogs (Lair:1)
  A shadow (D:11)
  2 wraiths
  20 yaks
  A wyvern (D:7)
  2 basilisks
  3 water moccasins
  3 acid dragons
  2 ice beasts (D:6)
  3 black bears
  3 sky beasts
  8 orc warriors
  10 ogres
  4 centaurs
  9 wolves (Lair:1)
  7 kobold brigands
  8 bullfrogs
  4 gnoll sergeants (D:8)
  3 scorpions
  9 killer bees
  7 howler monkeys
  A jelly (D:4)
  4 gnoll boudas
  12 hounds
  15 orc priests
  An iguana (D:7)
  21 orc wizards
  12 gnolls
  6 adders
  A river rat (D:5)
  A shadow imp (D:6)
  A white imp (D:5)
  2 worms
  3 dart slugs
  43 orcs
  6 bats
  6 endoplasms
  5 giant cockroaches
  8 goblins
  10 hobgoblins
  8 jackals
  32 kobolds
  5 quokkas
  5 ball pythons
  4 frilled lizards
  7 rats
353 creatures vanquished.

Notes
Turn   | Place    | Note
-------+----------+-------------------------------------------
     0 | D:1      | Babbit the Minotaur Fighter began the quest for the Orb.
     0 | D:1      | Reached XP level 1. HP: 19/19 MP: 0/0
   169 | D:1      | Reached XP level 2. HP: 26/27 MP: 1/1
   192 | D:1      | Reached skill level 3 in Axes
   358 | D:1      | Reached XP level 3. HP: 33/33 MP: 2/2
   522 | D:2      | Found a faded altar of an unknown god.
   578 | D:2      | You fall into a shaft and drop 1 floor!
  1139 | D:3      | Reached skill level 1 in Throwing
  1178 | D:3      | Noticed Grinder
  1189 | D:3      | Killed Grinder
  1190 | D:3      | Reached skill level 4 in Axes
  1190 | D:3      | Reached XP level 4. HP: 23/41 MP: 3/3
  1190 | D:3      | Reached XP level 5. HP: 26/47 MP: 4/4
  1286 | D:3      | Found Kyatyme's Book Shop.
  1307 | D:3      | Reached XP level 6. HP: 53/53 MP: 5/5
  1369 | D:3      | Found a stormy altar of Qazlal.
  1953 | D:3      | Reached skill level 5 in Axes
  2147 | D:4      | Reached skill level 5 in Shields
  2477 | D:4      | Reached skill level 5 in Armour
  2529 | D:4      | Reached skill level 5 in Fighting
  2529 | D:4      | Reached XP level 7. HP: 49/61 MP: 6/6
  2650 | D:4      | Found Kaikuul's Book Emporium.
  2914 | D:5      | Entered Level 5 of the Dungeon
  2952 | D:5      | Reached skill level 6 in Axes
  3285 | D:5      | Reached XP level 8. HP: 67/69 MP: 7/7
  3785 | D:5      | Reached skill level 5 in Throwing
  3814 | D:5      | Reached skill level 7 in Axes
  4624 | D:6      | Reached skill level 8 in Axes
  5021 | D:6      | Reached XP level 9. HP: 78/78 MP: 8/8
  5546 | D:7      | Found Idasips's Antique Armour Boutique.
  5570 | D:6      | Reached skill level 9 in Axes
  5785 | D:7      | Found Muginoc's General Store.
  5811 | D:7      | Found Fuomuadi's Distillery.
  5831 | D:7      | Bought a potion of heal wounds for 55 gold pieces
  5885 | D:7      | Found Meawoluz's Distillery.
  5894 | D:7      | Bought a potion of curing for 36 gold pieces
  6058 | D:7      | Found a shimmering altar of Xom.
  6340 | D:7      | Found Janlaan's Weapon Boutique.
  6374 | D:7      | Found a staircase to the Ecumenical Temple.
  6385 | Temple   | Entered the Ecumenical Temple
  6408 | Temple   | Became a worshipper of Warmaster Okawaru
  6539 | D:7      | Reached skill level 10 in Axes
  6659 | D:7      | Reached * piety under Okawaru
  6665 | D:7      | Reached XP level 10. HP: 44/88 MP: 3/9
  6877 | D:8      | Reached skill level 1 in Invocations
  7012 | D:8      | Found a staircase to the Lair.
  7022 | D:8      | Reached skill level 11 in Axes
  7077 | D:8      | Reached ** piety under Okawaru
  7779 | D:8      | Reached *** piety under Okawaru
  7785 | D:8      | Received a gift from Okawaru
  7938 | D:8      | Found the +7 great mace "Undeadhunter" {deathbane, rN+}
  8063 | D:8      | Noticed a two-headed ogre
  8075 | D:8      | Killed a two-headed ogre
  8076 | D:8      | Reached skill level 12 in Axes
  8076 | D:8      | Reached XP level 11. HP: 83/97 MP: 10/13
  8606 | D:9      | Found Jutonoun's General Store.
  8615 | D:9      | Bought a scroll of identify for 28 gold pieces
  8615 | D:9      | Bought a scroll of identify for 28 gold pieces
  8747 | D:9      | Found a broken altar of Ashenzari.
  9219 | D:10     | Entered Level 10 of the Dungeon
  9262 | D:10     | Reached **** piety under Okawaru
  9263 | D:10     | Reached skill level 5 in Invocations
 10263 | D:10     | Found a staircase to the Orcish Mines.
 10507 | D:11     | Noticed Amaemon
 10531 | D:10     | Killed Amaemon
 10531 | D:10     | Received a gift from Okawaru
 10709 | D:11     | Noticed a two-headed ogre
 10720 | D:11     | Killed a two-headed ogre
 10862 | D:11     | Reached skill level 13 in Axes
 10991 | D:11     | Identified the +9 war axe of Fatigue {pain, Fly Str+4
                  | Int-2}
 11098 | D:11     | Reached skill level 10 in Fighting
 11172 | D:11     | Received a gift from Okawaru
 11173 | D:11     | Reached skill level 10 in Armour
 11500 | Lair:1   | Entered Level 1 of the Lair of Beasts
 11507 | Lair:1   | Reached ***** piety under Okawaru
 11508 | Lair:1   | Reached skill level 10 in Shields
 11598 | Lair:1   | Received a gift from Okawaru
 12059 | Lair:1   | Received a gift from Okawaru
 12067 | Lair:1   | Reached XP level 12. HP: 100/107 MP: 13/15
 12372 | Lair:2   | Noticed an eight-headed hydra
 12391 | Lair:1   | Killed a 16-headed hydra
 12609 | Lair:2   | Reached skill level 14 in Axes
 12672 | Lair:2   | Noticed an eight-headed hydra
 12681 | Lair:2   | Noticed a four-headed hydra
 12689 | Lair:2   | Slain by a 16-headed hydra

Illustrated notes

Levels and vault maps discovered:
D:1:      wheals_arrival_linesprint, layout_rooms
D:2:      layout_basic, shapermc_ecumenical_altar_mp_ritualfount,
          minmay_split_cup_small
D:3:      layout_loops_ring, mainiacjoe_overflow_brackets, serial_shops,
          nicolae_book_shop_shelving, serial_bayou_lagoon_a, uniq_grinder
D:4:      layout_loops_ring, serial_shops, nicolae_square_shop, minmay_unequal
D:5:      layout_basic, gup_sewer_entry_bubbles
D:6:      cheibrodos_thug_alley, layout_basic, columned_hall_lemuel
D:7:      layout_rooms, old_standard_altar, minmay_temple_entry_trees,
          serial_shops, nicolae_shop_bloodbath_and_beyond,
          nicolae_shop_tiny_statue_garden, nicolae_shop_tiny_waterfront, shop,
          nicolae_stop_n_shop_1, grunt_ministairs_15
D:8:      lemuel_castle_with_subvaults [lemuel_castle_interior_carwin_1],
          layout_cave_pods, grunt_lair_entry_orc_guard_hut, grunt_ministairs_1
D:9:      layout_loops_cross, ashenzari_conservatory_becter, serial_shops, shop
D:10:     layout_stronghold, david_orc_1_choice, minivault_21, minivault_25
D:11:     layout_rooms, uniq_amaemon
Temple:   nicolae_temple_bog_church
Lair:1:   layout_loops_ring
Lair:2:   layout_chaotic_city, nicolae_swamp_entry_spooky,
          ebering_ghost_disaster_area, nicolae_volcano_entry_s_turn,
          pdpol_lair_cabin_in_the_woods, infiniplex_staircase_pool_2

Skill      XL: |  1  2  3  4  5  6  7  8  9 10 11 12 |
---------------+-------------------------------------+-----
Axes           | 3 4 5 6 8 10 12 13 14 | 14.1
Shields        | 4 5 6 8 9 10 | 10.7
Fighting       | 4 5 6 8 9 10 | 10.7
Armour         | 4 5 6 8 9 10 | 10.6
Throwing       | 2 3 4 5 |  5.0
Invocations    | 4 6 7 |  7.0

Action                     |  1- 3 |  4- 6 |  7- 9 | 10-12 || total
---------------------------+-------+-------+-------+-------++-------
  Melee: War axe           |   107 |    88 |    55 |   129 ||   379
         Headbutt          |    12 |    14 |    40 |   110 ||   176
         Hand axe          |       |       |   250 |   393 ||   643
  Throw: Stone             |    12 |     9 |     7 |       ||    28
         Dart              |       |       |    21 |    29 ||    50
         Boomerang         |       |       |       |    14 ||    14
 Invoke: Heroism           |       |       |       |     5 ||     5
  Evoke: Wand              |       |       |     4 |    19 ||    23
    Use: Scroll            |     1 |     3 |     4 |    16 ||    24
         Potion            |     1 |       |     4 |     4 ||     9
 Armour: Scale mail        |    63 |    41 |    93 |       ||   197
         Plate armour      |       |       |   114 |   347 ||   461
  Dodge: Dodged            |    38 |    49 |    94 |   158 ||   339
  Block: Buckler           |    20 |    18 |    57 |   138 ||   233
